 Dungeon Crawl Stone Soup version 0.20.1-1-g8b1a95d (webtiles) character file.

266 digijack the Skirmisher (level 6, -7/38 HPs)
             Began as a Tengu Wanderer on Jan 2, 2018.
             Was a Follower of Vehumet.
             Killed by divine providence
             ... invoked by an orc priest
              (10 damage)
             ... on level 4 of the Dungeon.
             The game lasted 00:22:05 (4136 turns).

digijack the Skirmisher (Tengu Wanderer)            Turns: 4136, Time: 00:22:06

Health: -7/38      AC:  3    Str: 13      XL:     6   Next: 20%
Magic:  4/8        EV: 13    Int: 11 (12) God:    Vehumet [*.....]
Gold:   116        SH:  0    Dex: 15      Spells: 6/7 levels left

rFire    . . .     SeeInvis .   a - +2 short sword
rCold    . . .     Gourm    .   (no shield)
rNeg     . . .     Faith    .   b - +1 robe
rPois    .         Spirit   .   (helmet restricted)
rElec    .         Reflect  .   (no cloak)
rCorr    +         Harm     .   (no gloves)
MR       .....                  (boots unavailable)
Stlth    ++........             (no amulet)
Regen    0.2/turn               e - ring of resist corrosion
MPRegen  0.2/turn               (no ring)

@: no status effects
A: beak, talons 3, able to fly 1
a: Fly, Renounce Religion


You were on level 4 of the Dungeon.
You worshipped Vehumet.
Vehumet was aware of your devotion.
You were not hungry.

You visited 1 branch of the dungeon, and saw 4 of its levels.

You collected 116 gold pieces.

Inventory:

Hand Weapons
 a - a +2 short sword (weapon)
Armour
 b - a +1 robe (worn)
Jewellery
 e - a ring of resist corrosion (left hand)
Scrolls
 d - a scroll of teleportation
 h - a scroll of identify
Comestibles
 c - 2 chunks of flesh
 f - a bread ration


   Skills:
 + Level 4.2 Fighting
 + Level 3.5 Short Blades
 + Level 2.5 Dodging
 + Level 3.3 Stealth
 - Level 1.0 Spellcasting
 + Level 2.2 Conjurations
 + Level 1.1 Air Magic
   Level 1.0 Poison Magic
   Level 1.0 Evocations


You had 6 spell levels left.
You knew the following spells:

 Your Spells              Type           Power        Failure   Level  Hunger
a - Shock                 Conj/Air       #...         16%         1    ##.....


Dungeon Overview and Level Annotations

Branches:
Dungeon (4/15)
 Temple: D:4-7

Altars:
Fedhas
Gozag
Ru
Sif Muna
Vehumet


Innate Abilities, Weirdness & Mutations

You have a beak for a mouth.
You have claws for feet.
You can fly.


Message History

Aiming: Shock
Press: ? - help, Shift-Dir - straight line, f - ogre, p - orc wizard
Aim: an ogre, wielding a giant club (moderately wounded)
The zap hits the ogre.
The ogre is moderately wounded.
The orc wizard gestures wildly while chanting.
The orc wizard seems to speed up.
The ogre hits you with a giant club!!
Ouch! That really hurt!
* * * LOW HITPOINT WARNING * * *
Casting: Shock
Confirm with . or Enter, or press ? or * to list all spells.
Aiming: Shock
Press: ? - help, Shift-Dir - straight line, p - ogre
Okay, then.
The orc wizard gestures at you while chanting.
The magic dart hits you!
* * * LOW HITPOINT WARNING * * *
The orc priest mumbles some strange prayers to Beogh against you.
Beogh smites you!
You die...

#.......#
#.....[.#
#....o..#
#%......#
#.......# . . ..
#.o.....#..
....###O.........
.....##.......[..
...##@####....?
####.##.##.......
..............#
####.##.##....#
#.#####....#
#####
#.......####
#.#####.# #.# #<#


You could see an ogre, an orc priest and an orc wizard.

Vanquished Creatures
  A howler monkey (D:3)
  A bullfrog zombie (D:3)
  An orc wizard (D:3)
  A worker ant (D:4)
  6 adders
  2 oozes
  4 dart slugs
  2 leopard geckos
  4 orcs (D:3)
  10 bats
  2 giant cockroaches
  7 goblins
  9 hobgoblins
  11 kobolds
  2 quokkas
  3 ball pythons
  4 frilled lizards
  7 rats
77 creatures vanquished.

Vanquished Creatures (others)
  A goblin (D:2)
  A hobgoblin (D:2)
2 creatures vanquished.

Grand Total: 79 creatures vanquished

Notes
Turn   | Place    | Note
-------+----------+-------------------------------------------
     0 | D:1      | digijack the Tengu Wanderer began the quest for the Orb.
     0 | D:1      | digijack set off with: a +2 short sword, a +0 quarterstaff, a potion of lignification, a +0 robe, a bread ration
     0 | D:1      | Reached XP level 1. HP: 14/14 MP: 3/3
   346 | D:1      | Reached XP level 2. HP: 18/19 MP: 4/4
   653 | D:1      | Reached XP level 3. HP: 23/23 MP: 5/5
   887 | D:2      | Reached skill level 1 in Dodging
  1028 | D:2      | Found a radiant altar of Vehumet.
  1193 | D:2      | Became a worshipper of Vehumet
  1564 | D:2      | Reached XP level 4. HP: 28/28 MP: 6/6
  1928 | D:2      | Reached * piety under Vehumet
  1928 | D:2      | Offered knowledge of Shock by Vehumet.
  2491 | D:3      | Found a deep blue altar of Sif Muna.
  2495 | D:3      | Found an opulent altar of Gozag.
  2496 | D:3      | Found a sacrificial altar of Ru.
  2663 | D:3      | Learned a level 1 spell: Shock
  2913 | D:3      | Found a faded altar of an unknown god.
  3004 | D:3      | Gained mutation: You can fly. [Tengu growth]
  3004 | D:3      | Reached XP level 5. HP: 33/33 MP: 0/7
  3274 | D:3      | Found a blossoming altar of Fedhas.
  3352 | D:3      | Reached skill level 4 in Fighting
  3352 | D:3      | Reached skill level 1 in Air Magic
  3835 | D:3      | Reached XP level 6. HP: 37/38 MP: 0/8
  4136 | D:4      | Killed from afar by an orc priest

Skill      XL: |  1  2  3  4  5 |
---------------+----------------+-----
Stealth        | 2 3 |  3.3
Dodging        | 1 2 |  2.5
Short Blades   | 3 |  3.5
Fighting       | 4 |  4.2
Conjurations   | 2 |  2.2
Air Magic      | 1 |  1.1
Spellcasting   | |  1.0
Poison Magic   | |  1.0
Evocations     | |  1.0

Action                   |  1- 3 |  4- 6 || total
-------------------------+-------+-------++-------
Melee: Short sword       |    71 |   120 ||   191
       Peck              |    10 |    13 ||    23
       Kick              |    10 |    28 ||    38
 Cast: Shock             |       |    64 ||    64
  Use: Scroll            |     4 |     4 ||     8
       Potion            |     3 |     1 ||     4
 Stab: Sleeping          |     5 |     1 ||     6
  Eat: Chunk             |     2 |     9 ||    11
       Royal jelly       |       |     1 ||     1
Armor: Robe              |    10 |    22 ||    32
Dodge: Dodged            |    47 |    68 ||   115
